 Dungeon Crawl Stone Soup version 0.22-a0-580-gd5db89c (webtiles) character file.

478 sking99 the Firebug (level 7, -2/67 HPs)
             Began as an Ogre Fire Elementalist on July 2, 2018.
             Slain by a scorpion (5 damage)
             ... in an ossuary.
             The game lasted 00:13:04 (5469 turns).

sking99 the Firebug (Ogre Fire Elementalist)        Turns: 5469, Time: 00:13:05

Health: -2/67      AC:  5    Str: 13    XL:     7   Next: 11%
Magic:  1/13       EV: 10    Int: 18    God:
Gold:   108        SH:  0    Dex:  9    Spells: 4/14 levels left

rFire    . . .     SeeInvis .   i - +0 short sword
rCold    . . .     Gourm    .   (no shield)
rNeg     . . .     Faith    .   a - +0 robe
rPois    .         Spirit   .   (helmet restricted)
rElec    .         Reflect  .   r - +1 cloak
rCorr    .         Harm     .   (gloves unavailable)
MR       .....                  (boots unavailable)
Stlth    +.........             (no amulet)
HPRegen  0.21/turn              (no ring)
MPRegen  0.13/turn              (no ring)

@: lethally poisoned (-2 -> -15), very slightly contaminated, invisible
(expiring)
A: large, unfitting armour, tough skin 1
a: no special abilities


You were in an ossuary.
You were hungry.

You visited 1 branch of the dungeon, and saw 4 of its levels.
You also visited: Ossuary.

You collected 108 gold pieces.

Inventory:

Hand Weapons
 i - a +0 short sword (weapon)
Armour
 a - a +0 robe (worn)
 r - a +1 cloak (worn)
Jewellery
 d - a +4 amulet of reflection {unknown}
 h - an uncursed amulet of regeneration {unknown}
 t - a +3 ring of evasion {unknown}
Wands
 u - a wand of iceblast (9)
Scrolls
 f - a scroll of magic mapping
 g - a scroll of teleportation
 j - 4 scrolls of identify {unknown}
 k - 2 scrolls of amnesia {unknown}
 m - a scroll of fog {unknown}
 n - 2 scrolls of noise {unknown}
 o - a scroll of enchant weapon {unknown}
 q - 2 scrolls of remove curse {unknown}
 s - 2 scrolls of immolation {unknown}
Comestibles
 c - 2 rations


   Skills:
 + Level 3.5 Fighting
 - Level 1.9 Dodging
 - Level 1.4 Stealth
 + Level 4.0 Spellcasting
 * Level 3.6 Conjurations
 * Level 4.6 Fire Magic


You had 4 spell levels left.
You knew the following spells:

 Your Spells              Type           Power        Failure   Level  Hunger
a - Flame Tongue          Conj/Fire      ###..        2%          1    None
b - Throw Flame           Conj/Fire      ###...       4%          2    ##.....
c - Conjure Flame         Conj/Fire      ###.....     9%          3    ###....
d - Sticky Flame          Conj/Fire      ###.....     26%         4    ####...

Your spell library contained the following spells:

 Spells                   Type           Power        Failure   Level  Hunger
 Fireball                 Conj/Fire      ###.......   58%         5    ######.
 Inner Flame              Hex/Fire       ##......     17%         3    ###....


Dungeon Overview and Level Annotations

Branches:
Dungeon (4/15)
 Temple: D:4-7

Altars:
Dithmenos


Innate Abilities, Weirdness & Mutations

You are too large for most types of armour.
You have tough skin. (AC +1)


Message History

The scorpion is severely wounded.
You feel sick. The scorpion closely misses you.
You hit the scorpion.
The scorpion is severely wounded.
The scorpion stings you!
* * * LOW HITPOINT WARNING * * *
You catch the helpless scorpion completely off-guard!
You hit the scorpion.
The scorpion is almost dead.
You feel sick. The scorpion stings you.
* * * LOW HITPOINT WARNING * * *
You are lethally poisoned!
The scorpion poisons you!
You aren't carrying any potions.
You hit the scorpion.
The scorpion is almost dead.
You flicker for a moment.
* * * LOW HITPOINT WARNING * * *
You feel sick. The scorpion closely misses you. The scorpion stings you.
You die...

#..!#...8...#
#.!M#.......#
######8...8##
#...#.......#
#..^'.†.8...#
#.^.#...#...#
##'#######'######## ##+#
#...#...#...#.....#.....
#...8...#..@s.....#.....
#.......#..^#.....8.....
##8...8######...........
#.......#.!M#..........Z
#...8...#..?###8.....8##
#...#...#!?.#...........
######'###+##...........
#...#...# #.....8.....
#.∩.'.∩.# +.....#.....


You could see a mummy and a scorpion.

Vanquished Creatures
  2 scorpions
  3 centaur zombies (Ossuary)
  An orc wizard (D:3)
  Terence (D:2)
  2 worker ants (D:4)
  6 adders
  An ooze (D:2)
  5 worms
  2 dart slugs
  2 leopard geckos (D:2)
  5 orcs
  2 ball pythons
  11 giant cockroaches
  11 goblins
  8 hobgoblins
  10 jackals
  A quokka (D:3)
  8 bats
  4 frilled lizards
  A goblin zombie (Ossuary)
  A hobgoblin zombie (Ossuary)
  5 kobolds
  A kobold zombie (Ossuary)
  7 rats
100 creatures vanquished.

Notes
Turn   | Place    | Note
-------+----------+-------------------------------------------
     0 | D:1      | sking99 the Ogre Fire Elementalist began the quest for the Orb.
     0 | D:1      | Reached XP level 1. HP: 16/16 MP: 3/3
   207 | D:1      | Reached skill level 1 in Conjurations
   285 | D:1      | Reached XP level 2. HP: 24/24 MP: 3/5
   578 | D:1      | Reached skill level 1 in Fighting
   757 | D:1      | Reached XP level 3. HP: 32/33 MP: 1/7
   848 | D:1      | Learned a level 2 spell: Throw Flame
   852 | D:1      | Learned a level 3 spell: Conjure Flame
  1586 | D:2      | Noticed Terence
  1689 | D:2      | Killed Terence
  1689 | D:2      | Reached XP level 4. HP: 26/42 MP: 1/8
  1763 | D:2      | Found a shadowy altar of Dithmenos.
  2162 | D:2      | Found a faded altar of an unknown god.
  2652 | D:2      | Reached XP level 5. HP: 49/49 MP: 4/9
  3490 | D:3      | Reached XP level 6. HP: 59/59 MP: 6/11
  4192 | D:3      | Learned a level 4 spell: Sticky Flame
  5171 | D:4      | Found a sand-covered staircase.
  5250 | Ossuary  | Entered an ossuary
  5412 | Ossuary  | Reached XP level 7. HP: 53/67 MP: 3/13
  5469 | Ossuary  | HP: 3/67 [poisoned by a scorpion]
  5469 | Ossuary  | Slain by a scorpion

Vault maps used:
D:1:      dpeg_arrival_triangle_fractal
D:2:      nicolae_dithmenos_through_a_glass_darkly,
          chequers_ecumenical_altar_island, minmay_pentomino_s2, uniq_terence
D:3:      serial_curves, eino_curves_04, eino_curves_02, grunt_ministairs_7,
          grunt_decor_cap, hangedman_glass_teeth
D:4:      enter_ossuary_5, first_ration, minmay_fire_ice_demons
Ossuary:  ossuary_minmay_scorpions

Skill      XL: |  1  2  3  4  5  6 |
---------------+-------------------+-----
Conjurations   | 1 2 3 |  3.6
Fire Magic     | 3 4 |  4.6
Fighting       | 1 2 3 |  3.5
Spellcasting   | 3 4 |  4.0
Dodging        | |  1.9
Stealth        | |  1.4

Action                   |  1- 3 |  4- 6 |  7- 9 || total
-------------------------+-------+-------+-------++-------
Melee: Unarmed           |    23 |       |       ||    23
       Short sword       |    11 |    10 |    24 ||    45
 Cast: Flame Tongue      |    68 |   133 |    11 ||   212
       Conjure Flame     |     2 |     1 |       ||     3
       Throw Flame       |       |    28 |       ||    28
  Use: Scroll            |       |     2 |       ||     2
       Potion            |       |       |     7 ||     7
 Stab: Invisible         |       |       |     2 ||     2
  Eat: Chunk             |     2 |    13 |       ||    15
Armor: Robe              |    15 |    38 |    11 ||    64
Dodge: Dodged            |    33 |    44 |    42 ||   119

Table legend:
 A = Spawn XP
 B = Non-spawn XP
 C = Spawn XP percentage of total XP
 D = Spawn monster count
 E = Non-spawn monster count
 F = Spawn count percentage of total count
 G = Total turns spent on level
                    A         B        C        D         E        F      G
               +---------+---------+-------+---------+---------+-------+---------
         Total |       0 |     684 |   0.0 |       0 |     100 |   0.0 |  5469
               +---------+---------+-------+---------+---------+-------+---------
           D:1 |       0 |      50 |   0.0 |       0 |      30 |   0.0 |  1303
           D:2 |       0 |     128 |   0.0 |       0 |      29 |   0.0 |  1549
           D:3 |       0 |     218 |   0.0 |       0 |      30 |   0.0 |  2102
           D:4 |       0 |      72 |   0.0 |       0 |       4 |   0.0 |   296
       Ossuary |       0 |     216 |   0.0 |       0 |       7 |   0.0 |   219
               +---------+---------+-------+---------+---------+-------+---------
